 Dungeon Crawl Stone Soup version 0.22-a0-456-g11ed031617 (webtiles) character file.

9 Kriby the Shooter (level 2, 0/24 HPs)
             Began as a Centaur Hunter on June 7, 2018.
             Slain by a leopard gecko (3 damage)
             ... on level 1 of the Dungeon.
             The game lasted 00:00:19 (471 turns).

Kriby the Shooter (Centaur Hunter)                   Turns: 471, Time: 00:00:20

Health: 0/24       AC:  4    Str: 14    XL:     2   Next: 6%
Magic:  2/2        EV:  9    Int: 10    God:
Gold:   2          SH:  0    Dex:  9    Spells: 1/1 levels left

rFire    . . .     SeeInvis .   b - +0 short sword
rCold    . . .     Gourm    .   (no shield)
rNeg     . . .     Faith    .   c - +0 leather armour
rPois    .         Spirit   .   (no helmet)
rElec    .         Reflect  .   (no cloak)
rCorr    .         Harm     .   (no gloves)
MR       .....                  (no barding)
Stlth    +.........             (no amulet)
HPRegen  0.08/turn              (no ring)
MPRegen  0.08/turn              (no ring)

@: very quick
A: large, hooves 3, deformed body, speed 2, tough skin 3
a: no special abilities


You were on level 1 of the Dungeon.
You were not hungry.

You visited 1 branch of the dungeon, and saw 1 of its levels.

You collected 2 gold pieces.

Inventory:

Hand Weapons
 a - a +1 shortbow
 b - a +0 short sword (weapon)
Missiles
 d - 20 arrows
Armour
 c - a +0 leather armour (worn)
Scrolls
 e - a scroll of identify {unknown}
 g - a scroll of enchant weapon {unknown}
 h - a scroll of amnesia {unknown}
 j - a scroll of teleportation {unknown}
Comestibles
 f - 2 rations {@e1}


   Skills:
 + Level 2.2 Fighting
 * Level 5.8 Bows
 - Level 1.3 Dodging
 - Level 0.4 Stealth


You had one spell level left.
You didn't know any spells.
Your spell library was empty.

Dungeon Overview and Level Annotations

Branches:
Dungeon (1/15)

Altars:


Innate Abilities, Weirdness & Mutations

You have hooves in place of feet.
Armour fits poorly on your strangely shaped body.
You cover ground very quickly.
You have extremely tough skin. (AC +3)


Message History

You are too injured to fight recklessly!
You closely miss the leopard gecko.
You kick the leopard gecko, but do no damage.
The leopard gecko completely misses you.
You barely miss the leopard gecko. You kick the leopard gecko.
The leopard gecko is severely wounded.
The leopard gecko bites you.
All of the chunks of flesh in your inventory have rotted away.
You completely miss the leopard gecko.
The leopard gecko is severely wounded.
The leopard gecko bites you.
* * * LOW HITPOINT WARNING * * *
You closely miss the leopard gecko. Your kick misses the leopard gecko.
The leopard gecko is severely wounded.
The leopard gecko bites you.
* * * LOW HITPOINT WARNING * * *
You barely miss the leopard gecko. Your kick misses the leopard gecko.
The leopard gecko is severely wounded.
The leopard gecko bites you.
You die...

#..##...............
##.##......#########
#.###.).### #....#..#
####....######
##........######
#.##sg........#
##.##l###......####
#..##@# #..........
#.###.###......### #.#
#..##......# ####.#
##..#####.###
#########....# ##.##
#...######
.............### #..#
###.......
############...####.##
##...... ###.......#
#....... #########
#.......


You could see a leopard gecko, a giant cockroach and a goblin.

Vanquished Creatures
  3 hobgoblins (D:1)
  3 bats (D:1)
  2 kobolds (D:1)
  2 rats (D:1)
10 creatures vanquished.

Notes
Turn   | Place    | Note
-------+----------+-------------------------------------------
     0 | D:1      | Kriby the Centaur Hunter began the quest for the Orb.
     0 | D:1      | Reached XP level 1. HP: 17/17 MP: 1/1
   430 | D:1      | Reached XP level 2. HP: 23/24 MP: 2/2
   471 | D:1      | Slain by a leopard gecko

Vault maps used:
D:1:      minmay_arrival_solitary_statue

Action                   || total
-------------------------++-------
Melee: Short sword       ||    35
       Kick              ||     9
 Fire: Shortbow          ||    11
Armor: Leather armour    ||    13
Dodge: Dodged            ||    22

Table legend:
 A = Spawn XP
 B = Non-spawn XP
 C = Spawn XP percentage of total XP
 D = Spawn monster count
 E = Non-spawn monster count
 F = Spawn count percentage of total count
 G = Total turns spent on level
                    A         B        C        D         E        F      G
               +---------+---------+-------+---------+---------+-------+---------
         Total |       0 |      14 |   0.0 |       0 |      10 |   0.0 |   471
               +---------+---------+-------+---------+---------+-------+---------
           D:1 |       0 |      14 |   0.0 |       0 |      10 |   0.0 |   471
               +---------+---------+-------+---------+---------+-------+---------
